 Dungeon Crawl Stone Soup version 0.18-a0-1405-g73f4075 (webtiles) character file.

296793 Azzok the Imperceptible (level 20, -11/109 HPs)
             Began as a Spriggan Enchanter on Feb 24, 2016.
             Was the Champion of Dithmenos.
             Mangled by a stone giant (41 damage)
             ... on level 3 of the Vaults.
             The game lasted 05:00:55 (61056 turns).

Azzok the Imperceptible (Spriggan Enchanter)       Turns: 61056, Time: 05:00:56

Health: -11/109    AC:  9    Str:  4    XL:     20   Next: 42%
Magic:  15/36      EV: 37    Int: 21    God:    Dithmenos [******]
Gold:   3564       SH: 16    Dex: 25    Spells: 7 memorised, 19 levels left

rFire  + . .     SeeInvis +     F - +9 rapier (elec)
rCold  . . .     Gourm    .     O - +2 robe {rF+}
rNeg   . . .     Faith    .     I - +2 buckler {rPois}
rPois  +         Spirit   .     t - +0 hat
rElec  +         Dismiss  .     U - +4 cloak "Enkaoj" {rElec Int+4}
rCorr  .         Reflect  +     (gloves unavailable)
SustAt .         Harm     .     (boots unavailable)
MR     ++++.                    J - +5 amulet of reflection
Stlth  ++++++++++               o - ring of protection from magic
                                e - +5 ring of evasion

@: very slightly contaminated, wreathed by umbra, very quick, incredibly
resistant to hostile enchantments, uncannily stealthy
A: unfitting armour, see invisible, herbivore 3, speed 3, slow metabolism 2
a: Shadow Step, Shadow Form, Renounce Religion
}: 1/15 runes: serpentine


You were on level 3 of the Vaults.
You worshipped Dithmenos.
Dithmenos was exalted by your worship.
You were not hungry.

You visited 6 branches of the dungeon, and saw 33 of its levels.

You collected 4711 gold pieces.
You spent 1147 gold pieces at shops.

Inventory:

Hand Weapons
 a - a +3 dagger of electrocution
 b - a +2 short sword of holy wrath
 c - a +3 dagger of venom
 F - a +9 rapier of electrocution (weapon)
Armour
 t - a +0 hat (worn)
 u - a +1 robe of the Archmagi
 I - a +2 buckler of poison resistance (worn)
 O - a +2 robe of fire resistance (worn)
 U - the +4 cloak "Enkaoj" (worn) {rElec Int+4}
   (You found it on level 8 of the Lair of Beasts)

   It affects your intelligence (+4).
   It insulates you from electricity.
 Y - the +1 robe "Myedon" {rPois rN++}
   (You found it on level 15 of the Dungeon)

   It protects you from poison.
   It greatly protects you from negative energy.
Jewellery
 e - a +5 ring of evasion (left hand)
 o - a ring of protection from magic (right hand)
 r - an uncursed ring of poison resistance
 C - an uncursed ring of positive energy
 E - an uncursed ring of protection from cold
 J - a +5 amulet of reflection (around neck)
 M - an uncursed ring of flight
 Q - an uncursed ring of protection from cold
Wands
 j - a wand of lightning (1/15)
 l - a wand of confusion (5/48)
 m - a wand of digging (10/24)
 w - a wand of slowing (11/48)
 N - a wand of teleportation (5/9)
Scrolls
 f - 8 scrolls of enchant armour
 h - 4 scrolls of magic mapping
 i - 19 scrolls of remove curse
 p - 10 scrolls of teleportation
 q - 2 scrolls of enchant weapon
 v - a scroll of silence
 x - a scroll of summoning
 y - 3 scrolls of blinking
 A - 6 scrolls of immolation
 B - 7 scrolls of recharging
 H - 8 scrolls of amnesia
 P - 2 scrolls of vulnerability {unknown}
 S - a scroll of holy word {unknown}
 T - 3 scrolls of fog {unknown}
 W - 5 scrolls of brand weapon {unknown}
 X - 2 scrolls of acquirement {unknown}
Potions
 g - 8 potions of agility
 n - a potion of mutation {unknown}
 s - a potion of heal wounds {unknown}
 K - a potion of cancellation {unknown}
 R - 2 potions of invisibility
Books
 Z - a book of Dreams

   Spells                             Type                      Level
   a - Ensorcelled Hibernation        Hexes/Ice                    2
   b - Silence                        Hexes/Air                    5
   c - Darkness                       Hexes                        6
   d - Mass Confusion                 Hexes                        6
   e - Shadow Creatures               Summoning                    6
Miscellaneous
 k - a phantom mirror
 D - a phial of floods
 G - a disc of storms
 V - a stone of tremors
Comestibles
 d - 16 bread rations


   Skills:
 + Level 13.4 Fighting
 + Level 18.2 Short Blades
 - Level 12.1 Dodging
 - Level 22.0 Stealth
 - Level 7.2 Shields
 + Level 11.8 Spellcasting
 - Level 10.0 Hexes
 - Level 15.0 Charms
 + Level 9.8 Air Magic
 - Level 11.0 Invocations
 - Level 8.0 Evocations


You had 19 spell levels left.
You knew the following spells:

 Your Spells              Type           Power        Failure   Level  Hunger
a - Corona                Hex            ######.      1%          1    None
b - Ensorcelled Hibernat  Hex/Ice        ####..       1%          2    None
c - Confuse               Hex            ######..     1%          3    None
d - Deflect Missiles      Chrm/Air       ######....   8%          6    ######.
e - Repel Missiles        Chrm/Air       ######       1%          2    None
f - Dazzling Spray        Conj/Hex       ####....     2%          3    None
g - Haste                 Chrm           ######..     1%          6    ######.


Dungeon Overview and Level Annotations

Branches:
Dungeon (15/15)            Temple (1/1) D:5            Lair (8/8) D:11
 Shoals (0/4) Lair:4        Snake (4/4) Lair:3        Slime (0/6) Lair:7
    Orc (2/2) D:10            Elf (0/3) Orc:2        Vaults (3/5) D:14
  Crypt (0/3) Vaults:2     Depths (0/5) D:15

Altars:
Cheibriados
Dithmenos
Elyvilon
Nemelex Xobeh
Okawaru
Qazlal
Ru
Sif Muna
Trog
Vehumet
Yredelemnul
Zin
Beogh

Shops:
D:9 *   D:13 *   D:14 }   D:15 }   Orc:1 (   Orc:2 [*(=   Snake:2 %
Vaults:1 }

Portals:
Trove: D:15 (give +3 storm dragon armour)

Annotations:
D:8 exclusion: statue
Vaults:2 Boris


Innate Abilities, Weirdness & Mutations

You are tiny and cannot use many weapons and most armour.
You have supernaturally acute eyesight.
You are an herbivore.
You cover ground extremely quickly.
You need consume almost no food.


Message History

You feel yourself slow down.
You start resting.
The stone giant completely misses you.
Casting: Ensorcelled Hibernation
Confirm with . or Enter, or press ? or * to list all spells.
Aiming: Ensorcelled Hibernation
Press: ? - help, Shift-Dir - straight line, f - stone giant
Aim: a stone giant (moderately wounded, umbra, chance to defeat MR: 14%)
The stone giant resists with almost no effort.
Your shadow mimicks your spell!
The stone giant resists with almost no effort.
The stone giant hits you.
* * * LOW HITPOINT WARNING * * *
You hit the stone giant but do no damage.
The stone giant is moderately wounded.
You hit the stone giant but do no damage.
There is a sudden explosion of sparks!
The stone giant is heavily wounded.
The stone giant hits you!!!
You die...

.... #........# ...#
#........# ...
#..((....# ...
#.....(..#
#'################)###
.....#...#.....##§p§.#
..)..#...#.....##§C§.#
.....##'##.....###§§##
....##...##...##@#§§##
...##.(...##'##..C...#
#'##....)...:[.......#
.))....[.....#'##'#.†#
.).....)....##....##.#
...........##......###
''#........#........#
..##..#['#.#.....#''##
...####..###....##...#


You could see a stone giant.

Vanquished Creatures
  Margery (Vaults:3)
  Saint Roka (Orc:2)
  Nikola (Snake:3)
  Jorgrun (Vaults:1)
  A tentacled monstrosity (Vaults:3)
  Gastronok (Orc:1)
  2 tengu reavers
  A revenant (Vaults:2)
  15 greater nagas
  5 vault wardens
  An orc warlord (Vaults:3)
  Aizul (Snake:2)
  A very ugly thing (Vaults:3)
  10 ironheart preservers
  4 stone giants
  A salamander stormcaller (Vaults:2)
  Nessos (Orc:2)
  A deep elf demonologist (Vaults:3)
  2 deep elf annihilators (Vaults:3)
  4 fire dragons
  3 vault guards (Vaults:3)
  A crystal guardian (Vaults:3)
  5 yaktaur captains
  2 ettins
  Josephine (Snake:1)
  A great orb of eyes (Vaults:2)
  The ghost of Patate the Bludgeoner, a journeyman GrFi of Trog (Lair:5)
  15 hydras
  2 rakshasas (Vaults:1)
  22 naga warriors
  Erica (Lair:2)
  10 anacondas
  3 death knights
  16 ogre magi
  A queen ant (Lair:3)
  5 centaur warriors
  A satyr (shapeshifter) (Vaults:1)
  3 death yaks (Lair:8)
  Urug (Orc:1)
  16 naga sharpshooters
  2 orc high priests
  A vampire mage (Vaults:2)
  7 deep elf knights
  13 shock serpents
  3 deep troll earth magi
  Nergalle (Orc:1)
  3 hell knights (Vaults:3)
  7 sea snakes (Snake:4)
  5 unseen horrors
  A shadow wraith (Vaults:2)
  A storm dragon skeleton (Vaults:2)
  5 salamander mystics
  5 skeletal warriors
  6 deep trolls
  4 naga ritualists
  A hill giant (shapeshifter) (Vaults:1)
  4 deep elf archers
  2 phantasmal warriors
  13 orc knights
  5 harpies
  9 ironbrand convokers
  3 wolf spider zombies
  16 hill giants
  3 wolf spiders
  13 deep elf magi
  7 necromancers
  6 mana vipers
  A tengu skeleton (Vaults:2)
  3 hornets
  20 ugly things
  6 wizards
  2 manticores
  3 griffons
  7 orc sorcerers
  2 oklob plants
  2 orb spiders (shapeshifter)
  19 salamanders
  3 cyclopes
  11 elephants
  A siren (Lair:4)
  Maurice (Orc:2)
  37 black mambas
  A centaur zombie (D:15)
  31 naga magi
  11 guardian serpents
  15 vault sentinels
  A yaktaur zombie (Vaults:2)
  A gargoyle (D:14)
  13 komodo dragons
  15 spiny frogs
  A redback zombie (D:15)
  2 torpor snails
  7 fire drakes
  7 freezing wraiths
  12 yaktaurs
  5 human skeletons (Vaults:2)
  A queen bee (shapeshifter) (D:12)
  8 trolls
  A harpy zombie (D:14)
  A polar bear (Lair:8)
  4 boulder beetles
  Prince Ribbit (D:7)
  Grinder (D:3)
  23 two-headed ogres
  23 slime creatures
  26 blink frogs
  A stone giant simulacrum (Vaults:3)
  4 redbacks (Vaults:2)
  8 wraiths
  A spriggan (D:7)
  6 wyverns
  2 vampires
  2 tarantellas (Vaults:2)
  10 basilisks
  18 hippogriffs
  3 hungry ghosts
  32 yaks
  Menkaure (D:7)
  20 vampire mosquitoes
  4 wargs
  4 steam dragons
  20 wolves
  5 mottled dragons
  74 nagas
  6 soldier ants
  24 water moccasins
  11 porcupines
  6 ice beasts
  53 orc warriors
  4 sky beasts
  9 wasps (Lair:8)
  12 boggarts
  3 black bears
  2 eyes of draining
  57 ogres
  A phantom (D:10)
  23 centaurs
  22 crocodiles
  2 big kobolds
  2 wyvern zombies (D:12)
  22 giant frogs
  A gnoll sergeant (D:8)
  A glowing shapeshifter simulacrum (Vaults:2)
  2 scorpions
  13 killer bees
  9 wights
  4 electric eels
  13 howler monkeys
  3 jellies
  3 crimson imps
  A quasit (D:8)
  7 centaur skeletons
  6 hounds
  A giant frog skeleton (D:11)
  3 giant frog zombies
  25 orc priests
  10 iguanas
  18 orc wizards
  22 worker ants
  20 sheep
  A hound skeleton (D:5)
  A worker ant zombie (D:7)
  3 gnolls (D:8)
  32 adders
  36 river rats
  2 shadow imps
  An ooze (D:1)
  An adder skeleton (D:5)
  An adder zombie (D:8)
  5 worms
  2 dart slugs
  3 giant geckos
  92 orcs
  4 ball pythons
  9 bats
  3 giant cockroaches
  2 goblins
  3 hobgoblins
  11 jackals
  14 kobolds
  5 quokkas
  A giant gecko skeleton (D:4)
  4 giant newts
  A jackal skeleton (D:7)
  A quokka skeleton (D:4)
  3 rats
  A butterfly (Lair:4)
  A fungus (Lair:7)
  A plant (D:11)
1520 creatures vanquished.

Vanquished Creatures (collateral kills)
  A rakshasa (D:13)
  An anaconda (Snake:3)
  A naga mage (Snake:3)
3 creatures vanquished.

Vanquished Creatures (others)
  An ironheart preserver (Vaults:3)
  A naga sharpshooter (Snake:3)
  2 deep elf archers
  A deep elf mage (Vaults:1)
  A yaktaur (Vaults:2)
  A two-headed ogre (Vaults:3)
  A naga (Snake:4)
  2 ogres (Vaults:3)
  48 fungi
  41 plants
99 creatures vanquished.

Grand Total: 1622 creatures vanquished

Notes
Turn   | Place    | Note
--------------------------------------------------------------
     0 | D:1      | Azzok the Spriggan Enchanter began the quest for the Orb.
     0 | D:1      | Reached XP level 1. HP: 9/9 MP: 5/5
   255 | D:1      | Reached skill level 5 in Stealth
   410 | D:1      | Reached XP level 2. HP: 13/13 MP: 3/6
   414 | D:1      | Learned a level 2 spell: Ensorcelled Hibernation
  1048 | D:2      | Found a shadowy altar of Dithmenos.
  1051 | D:2      | Became a worshipper of Dithmenos the Shadowed
  1178 | D:2      | Reached XP level 3. HP: 14/16 MP: 8/8
  1243 | D:2      | Reached skill level 6 in Stealth
  1889 | D:3      | Noticed Grinder
  1917 | D:2      | Learned a level 3 spell: Confuse
  1991 | D:3      | Killed Grinder
  1991 | D:3      | Reached skill level 8 in Stealth
  1991 | D:3      | Reached XP level 4. HP: 17/21 MP: 5/9
  1991 | D:3      | Reached XP level 5. HP: 19/24 MP: 5/10
  2288 | D:3      | Found a stormy altar of Qazlal.
  2288 | D:3      | Found a glowing silver altar of Zin.
  2298 | D:3      | Reached XP level 6. HP: 28/28 MP: 4/11
  2356 | D:3      | Found a deep blue altar of Sif Muna.
  2371 | D:3      | Reached skill level 9 in Stealth
  2571 | D:3      | Learned a level 2 spell: Swiftness
  2574 | D:3      | Learned a level 2 spell: Repel Missiles
  3762 | D:4      | Reached skill level 10 in Stealth
  3840 | D:4      | Reached * piety under Dithmenos
  3978 | D:4      | Reached skill level 1 in Air Magic
  3978 | D:4      | Reached XP level 7. HP: 27/32 MP: 4/12
  4561 | D:5      | Entered Level 5 of the Dungeon
  4561 | D:5      | Found a white marble altar of Elyvilon.
  4585 | D:5      | Found a staircase to the Ecumenical Temple.
  4699 | Temple   | Entered the Ecumenical Temple
  4705 | Temple   | Learned a level 3 spell: Dazzling Spray
  5449 | D:6      | Reached skill level 5 in Short Blades
  5565 | D:6      | Reached XP level 8. HP: 36/36 MP: 15/15
  5592 | D:6      | Reached skill level 11 in Stealth
  5592 | D:6      | Reached skill level 5 in Hexes
  5779 | D:6      | Found a bloodstained altar of Trog.
  5789 | D:6      | Found a white marble altar of Elyvilon.
  5803 | D:6      | Found a sparkling altar of Nemelex Xobeh.
  5811 | D:6      | Found a basalt altar of Yredelemnul.
  5839 | D:6      | Reached ** piety under Dithmenos
  6153 | D:7      | Reached skill level 5 in Spellcasting
  6268 | D:7      | Noticed Prince Ribbit
  6277 | D:7      | Killed Prince Ribbit
  6331 | D:7      | You fall through a shaft for 3 floors!
  6331 | D:10     | Entered Level 10 of the Dungeon
  6391 | D:10     | Noticed a hill giant
  6396 | D:10     | Killed a hill giant
  6396 | D:10     | Reached skill level 12 in Stealth
  6396 | D:10     | Reached XP level 9. HP: 39/39 MP: 13/18
  6884 | D:7      | You fall through a shaft for 2 floors!
  6991 | D:7      | Noticed Menkaure
  6998 | D:7      | Killed Menkaure
  7413 | D:7      | Found a sacrificial altar of Ru.
  7506 | D:7      | Reached *** piety under Dithmenos
  8172 | D:8      | Reached skill level 5 in Air Magic
  8196 | D:8      | Found a radiant altar of Vehumet.
  8374 | D:8      | Reached XP level 10. HP: 44/44 MP: 10/21
  8741 | D:9      | Found Nehadyng's Serpentskin Sales.
  9031 | D:9      | Reached skill level 13 in Stealth
  9162 | D:10     | Found a roughly hewn altar of Beogh.
  9164 | D:10     | Found a staircase to the Orcish Mines.
  9573 | D:10     | Reached **** piety under Dithmenos
  9791 | D:11     | Reached skill level 1 in Evocations
  9799 | D:11     | Noticed a hill giant
  9800 | D:11     | Noticed a purple ugly thing
  9802 | D:11     | Killed a purple ugly thing
  9802 | D:11     | Reached skill level 1 in Fighting
  9802 | D:11     | Reached skill level 1 in Invocations
  9804 | D:11     | Killed a hill giant
 10256 | D:11     | Reached skill level 14 in Stealth
 10499 | D:11     | Reached XP level 11. HP: 50/50 MP: 18/22
 10538 | D:11     | Found a staircase to the Lair.
 10539 | D:11     | Noticed a hill giant
 10543 | D:11     | Noticed a hill giant
 10550 | D:11     | Killed a hill giant
 10568 | D:11     | Killed a hill giant
 11020 | Lair:1   | Entered Level 1 of the Lair of Beasts
 11053 | Lair:1   | Reached skill level 5 in Evocations
 11178 | Lair:1   | Reached ***** piety under Dithmenos
 11908 | Lair:2   | Noticed Erica
 11922 | Lair:2   | Reached skill level 15 in Stealth
 11935 | Lair:2   | Killed Erica
 12053 | Lair:2   | Noticed an oklob plant
 12054 | Lair:2   | Found a snail-covered altar of Cheibriados.
 12060 | Lair:2   | Killed an oklob plant
 12106 | Lair:2   | Noticed an eight-headed hydra
 12131 | Lair:2   | Killed an eight-headed hydra
 12131 | Lair:2   | Reached skill level 10 in Short Blades
 12500 | Lair:2   | Reached XP level 12. HP: 40/58 MP: 20/23
 12502 | Lair:2   | Reached skill level 5 in Invocations
 13553 | Lair:3   | Found a staircase to the Snake Pit.
 14199 | Lair:3   | Reached skill level 16 in Stealth
 14404 | Lair:3   | Found a radiant altar of Vehumet.
 14548 | Lair:3   | Reached skill level 5 in Fighting
 14757 | Lair:3   | Noticed a queen ant
 14786 | Lair:3   | Killed a queen ant
 15247 | Lair:4   | Reached skill level 5 in Dodging
 15846 | Lair:4   | Found a staircase to the Shoals.
 15905 | Lair:4   | Noticed a seven-headed hydra
 16313 | Lair:4   | Killed a seven-headed hydra
 16313 | Lair:4   | Reached XP level 13. HP: 64/64 MP: 14/24
 17500 | Lair:5   | Noticed Patate's ghost (journeyman GrFi)
 17527 | Lair:5   | Killed Patate's ghost
 17527 | Lair:5   | Reached skill level 17 in Stealth
 19606 | Lair:6   | Reached ****** piety under Dithmenos
 21294 | Lair:7   | Found a staircase to the Slime Pits.
 21496 | Lair:8   | Entered Level 8 of the Lair of Beasts
 21554 | Lair:8   | Reached XP level 14. HP: 72/72 MP: 15/25
 21636 | Lair:8   | Reached skill level 18 in Stealth
 22205 | Lair:8   | Got a warped cloak
 22211 | Lair:8   | Identified the +4 cloak "Enkaoj" {rElec Int+4} (You found it on level 8 of the Lair of Beasts)
 22638 | Lair:8   | Reached skill level 10 in Dodging
 22923 | Lair:8   | Found an iron altar of Okawaru.
 25349 | Orc:1    | Entered Level 1 of the Orcish Mines
 25349 | Orc:1    | Noticed Gastronok
 25350 | Orc:1    | Noticed Nergalle
 25353 | Orc:1    | Killed Gastronok
 25356 | Orc:1    | Killed Nergalle
 25534 | Orc:1    | Noticed Urug
 25547 | Orc:1    | Reached skill level 19 in Stealth
 25590 | Orc:1    | Killed Urug
 25773 | Orc:1    | Found a bloodstained altar of Trog.
 26033 | Orc:2    | Entered Level 2 of the Orcish Mines
 26043 | Orc:2    | Noticed Nessos
 26058 | Orc:2    | Killed Nessos
 26117 | Orc:2    | Found a staircase to the Elven Halls.
 26279 | Orc:1    | Found Peggyble's Antique Weapon Emporium.
 26672 | Orc:2    | Found a roughly hewn altar of Beogh.
 26935 | Orc:2    | Reached skill level 10 in Invocations
 26978 | Orc:2    | Found a roughly hewn altar of Beogh.
 26979 | Orc:2    | Reached XP level 15. HP: 72/77 MP: 11/26
 26982 | Orc:2    | Noticed Saint Roka
 28216 | Orc:2    | Found Olohischonic's Antique Armour Shoppe.
 28834 | Orc:2    | Killed Saint Roka
 29045 | Orc:2    | Found Ynuets's Antique Weapon Shoppe.
 29059 | Orc:2    | Found Mihuv's Jewellery Shoppe.
 29078 | Orc:2    | Noticed Maurice
 29086 | Orc:2    | Killed Maurice
 29169 | Orc:2    | Found Nugy's General Store.
 29204 | Orc:2    | Bought a buckler for 108 gold pieces
 30522 | D:12     | Reached skill level 1 in Shields
 31017 | D:13     | Found Culeob's Assorted Antiques.
 31141 | D:13     | Bought a glittering golden ring for 125 gold pieces
 31141 | D:13     | Bought a scroll of identify for 50 gold pieces
 31148 | D:13     | Identified the ring of Pune {rF- Int+2 Dex+2 Slay+5} (You bought it in a shop on level 13 of the Dungeon)
 32457 | D:14     | Learned a level 6 spell: Deflect Missiles
 32464 | D:14     | Learned a level 6 spell: Haste
 32499 | D:14     | Found Dyterac's Gadget Emporium.
 32559 | D:14     | Bought a phial of floods for 520 gold pieces
 32559 | D:14     | Bought a disc of storms for 260 gold pieces
 32656 | D:14     | Reached skill level 20 in Stealth
 33227 | D:14     | Found a gate to the Vaults.
 33287 | D:14     | Reached skill level 1 in Charms
 33940 | D:15     | Entered Level 15 of the Dungeon
 34066 | D:15     | Reached XP level 16. HP: 84/84 MP: 27/27
 34159 | D:15     | Got a bloodstained robe
 34170 | D:15     | Identified the +1 robe "Myedon" {rPois rN++} (You found it on level 15 of the Dungeon)
 34416 | D:15     | Found Keteppu's Gadget Boutique.
 34491 | D:15     | Found a staircase to the Depths.
 34858 | D:15     | Found a portal to a secret trove of treasure.
 35435 | Snake:1  | Entered Level 1 of the Snake Pit
 35642 | Snake:1  | Reached skill level 5 in Charms
 36513 | Snake:1  | Noticed Josephine
 36522 | Snake:1  | Killed Josephine
 37129 | Snake:1  | Reached skill level 10 in Fighting
 37925 | Snake:2  | Noticed Aizul
 37934 | Snake:2  | Killed Aizul
 37946 | Snake:2  | Reached skill level 21 in Stealth
 38347 | Snake:2  | Found Lonuq's Food Boutique.
 38647 | Snake:2  | Reached skill level 5 in Shields
 38728 | Snake:2  | Bought 4 fruits for 84 gold pieces
 39600 | Snake:3  | Reached skill level 15 in Short Blades
 41038 | Snake:3  | Reached XP level 17. HP: 90/90 MP: 25/28
 43621 | Snake:3  | Noticed Nikola
 43623 | Snake:3  | Killed Nikola
 43819 | Snake:4  | Entered Level 4 of the Snake Pit
 43877 | Snake:4  | Reached skill level 10 in Charms
 45280 | Snake:4  | Reached skill level 22 in Stealth
 46023 | Snake:4  | Got a warped long sword {slice}
 46112 | Snake:4  | Identified the +4 long sword of Forgiveness {slice, rPois} (You took it off a naga on level 4 of the Snake Pit)
 47455 | Snake:4  | Reached XP level 18. HP: 96/96 MP: 15/29
 49764 | Snake:4  | Got a serpentine rune of Zot
 50878 | Vaults:1 | Entered Level 1 of the Vaults
 50878 | Vaults:1 | Found Kyerphi's Gadget Emporium.
 53338 | Vaults:1 | Noticed Jorgrun
 53348 | Vaults:1 | Killed Jorgrun
 53664 | Vaults:1 | Reached XP level 19. HP: 102/102 MP: 1/32
 55198 | Vaults:2 | Reached skill level 10 in Hexes
 55260 | Vaults:2 | Identified the Guide on Heat (You found it on level 2 of the Vaults)
 56363 | Vaults:2 | Found a staircase to the Crypt.
 56991 | Vaults:2 | Reached skill level 10 in Spellcasting
 57008 | Vaults:2 | Reached skill level 15 in Charms
 57421 | Vaults:3 | Noticed Boris
 59054 | Vaults:3 | Reached XP level 20. HP: 109/109 MP: 35/35
 60954 | Vaults:3 | Noticed Margery
 61006 | Vaults:3 | Killed Margery
 61056 | Vaults:3 | Mangled by a stone giant

Vault maps used:
D:1:      lightli_arrival_lavapool
D:2:      grunt_dithmenos_smoke_and_mirrors
D:3:      gammafunk_temple_overflow_forgotten, st_stairs_8, uniq_grinder
D:4:      first_bread
D:5:      minmay_temple_entry_crystal_x, basic_altar
D:6:      grunt_temple_overflow_cloverleaf
D:7:      black_bear_nest_1, lemuel_doored_altar, the_bakery, minivault_23,
          uniq_menkaure, uniq_prince_ribbit1
D:8:      vehumet_statue, kennysheep_nondescript, grunt_ministairs_10
D:9:      guppyfry_shop_venom
D:10:     david_orc_5
D:11:     dpeg_oklobed_lair, minmay_unpleasant_kobolds
D:13:     serial_shops, shop
D:14:     david_vaults_1, serial_shops, nicolae_shop_waterfront,
          hangedman_abyss_or_decor_passed
D:15:     grunt_enter_depths_magical_seal, serial_shops, nicolae_shop_stone,
          minmay_misc_feat_secret_circle, enter_trove_6,
          kennysheep_pointless_box
Temple:   roderic_octagonal_lattice_temple
Lair:1:   grunt_megastairs_1
Lair:2:   lemuel_oklob_altar, infiniplex_staircase_pool, serial_bayou_shore_a,
          serial_bayou_shore_b, grunt_megastairs_5, uniq_erica
Lair:3:   guppyfry_snake_entry_island, basic_altar, wad_woods_antlair
Lair:4:   minmay_shoals_entry_lonely_mermaid, nicolae_lair_grove_arrangements,
          lemuel_fruit_fields, lemuel_fruit_tree
Lair:6:   kennysheep_basilisk_garden
Lair:7:   slime_dummy
Lair:8:   guppyfry_lair_end_dragon, hangedman_lair_tendril_chambers,
          basic_altar, lemuel_fruit_fields
Snake:1:  uniq_josephine
Snake:2:  boulder_indie, serial_shops, shop, nicolae_snake_squiggles,
          fake_guardian_serpent_vault, serial_bayou_shore_b, uniq_aizul
Snake:3:  grunt_ministairs_11, guppyfry_library_mini, uniq_nikola
Snake:4:  grunt_snake_rune_pools
Orc:1:    serial_shops, nicolae_shop_crystal, trog_book, uniq_nergalle,
          uniq_urug, uniq_gastronok
Orc:2:    grunt_orc_cross, nicolae_orc_lost_temple, uniq_maurice, uniq_nessos
Vaults:1: nicolae_vaults_alarming, dpeg_vaults_monster_row,
          ontoclasm_vaults_shuriken, dpeg_vaults_monster_box,
          vaults_room_semicircle, serial_shops, shop, uniq_jorgrun
Vaults:2: nicolae_vaults_sealed_display, nicolae_vaults_asterisk,
          hangedman_vaults_stagger, minmay_crypt_entry_simple_statues,
          v_misc_27, v_pattern_1, v_misc_32, v_alt_pattern_5,
          nicolae_vaults_asterisk
Vaults:3: v_misc_27, hangedman_vaults_stream, grunt_vaults_hallway_long,
          st_octagons_2, hangedman_vaults_nails, ontoclasm_vaults_idyll,
          grunt_vaults_trifunnel, ontoclasm_vaults_twist, v_alt_pattern_2,
          uniq_boris, uniq_margery, uniq_saint_roka

Skill      XL: |  1  2  3  4  5  6  7  8  9 10 11 12 13 14 15 16 17 18 19 20 |
---------------+-------------------------------------------------------------+-----
Stealth        | 5 8 10 12 14 15 16 17 19 20 21 22 | 22.0
Short Blades   | 3 4 5 6 7 8 10 11 12 13 14 15 16 17 18 | 18.2
Air Magic      | 1 2 3 5 6 7 9 |  9.8
Spellcasting   | 4 5 7 8 10 11 | 11.8
Hexes          | 4 6 7 8 9 10 | 10.0
Evocations     | 4 7 8 |  8.0
Fighting       | 2 4 5 7 8 9 10 11 12 13 | 13.4
Invocations    | 2 4 7 8 10 11 | 11.0
Dodging        | 6 9 11 12 | 12.1
Shields        | 3 5 7 |  7.2
Charms         | 2 8 11 13 15 | 15.0

Action                   |  1- 3 |  4- 6 |  7- 9 | 10-12 | 13-15 | 16-18 | 19-21 || total
-------------------------+-------+-------+-------+-------+-------+-------+-------++-------
Melee: Dagger            |    53 |    77 |   129 |   681 |   820 |   999 |   593 ||  3352
       Short sword       |       |       |       |       |    14 |     9 |     3 ||    26
       Rapier            |       |       |       |       |       |       |   669 ||   669
 Cast: Corona            |     1 |     1 |     1 |     3 |     4 |     8 |       ||    18
       Ensorcelled Hiber |    12 |    25 |    67 |   165 |   421 |   220 |    88 ||   998
       Confuse           |     1 |     3 |    23 |    61 |   181 |   365 |    78 ||   712
       Repel Missiles    |       |       |     1 |       |     1 |     3 |       ||     5
       Dazzling Spray    |       |       |       |     6 |    19 |   178 |    66 ||   269
       Haste             |       |       |       |       |       |       |     4 ||     4
Invok: Shadow Step       |       |       |       |     3 |     2 |     2 |       ||     7
Evoke: Wand              |       |       |       |     4 |       |     1 |       ||     5
       Phial of floods   |       |       |       |       |     1 |     1 |       ||     2
  Use: Scroll            |       |       |    11 |     4 |     7 |    10 |    14 ||    46
 Stab: Sleeping          |    20 |    27 |    76 |   148 |   370 |   157 |    86 ||   884
       Confused          |     2 |     1 |    12 |    41 |    85 |   167 |    38 ||   346
       Distracted        |       |     1 |       |     1 |       |     4 |     7 ||    13
       Invisible         |       |       |       |     1 |     5 |    73 |    18 ||    97
  Eat: Pizza             |       |     1 |     1 |     1 |     2 |       |       ||     5
       Bread ration      |       |     1 |       |       |       |     1 |     2 ||     4
       Royal jelly       |       |       |     1 |     1 |       |       |     1 ||     3
       Fruit             |       |       |       |     5 |    15 |    15 |       ||    35
